 Dungeon Crawl Stone Soup version 0.31-a0-880-g9a209b2425 (webtiles) character file.

Game seed: 12072579962548146435

4709 BinkBink the Cleaver (level 10, -7/56 HPs)
             Began as a Gargoyle Berserker on Oct 15, 2023.
             Was an Elder of Trog.
             Mangled by a manticore (15 damage)
             ... on level 7 of the Dungeon.
             The game lasted 00:15:04 (8130 turns).

BinkBink the Cleaver (Gargoyle Berserker)           Turns: 8130, Time: 00:15:05

Health: -7/56      AC: 27    Str: 25    XL:     10   Next: 45%
Magic:  10/10      EV:  8    Int:  8    God:    Trog [****..]
Gold:   253        SH:  0    Dex: 15    Spells: 9/9 levels left

rFire   . . .        s - +2 war axe (heavy)
rCold   . . .        (no shield)
rNeg    + . .        p - +4 plate armour
rPois   ∞            (no helmet)
rElec   +            (no cloak)
rCorr   +            c - +0 pair of gloves
SInv    .            (no boots)
Will    .....        (no amulet) Stlth
                     j - ring of resist corrosion
HPRegen 0.29/turn    m - +6 ring of dexterity
MPRegen 0.12/turn

%: no passive effects
@: invisible
A: sickness immunity, AC +7, negative energy resistance 1, electricity
resistance, torment resistance 1, petrification resistance
a: Renounce Religion, Berserk, Trog's Hand, Brothers in Arms


You were on level 7 of the Dungeon.
You worshipped Trog.
Trog was greatly pleased with you.
You visited 2 branches of the dungeon, and saw 10 of its levels.

You collected 486 gold pieces.
You spent 233 gold pieces at shops.

Inventory:

Hand Weapons
 e - a +4 war axe
 s - a +2 heavy war axe (weapon)
Armour
 c - a +0 pair of gloves (worn)
 p - a +4 plate armour (worn)
Jewellery
 j - a ring of resist corrosion (left hand)
 m - a +6 ring of dexterity (right hand)
Wands
 a - a wand of flame (6)
 o - a wand of mindburst (12)
Scrolls
 f - 4 scrolls of immolation
 g - 3 scrolls of identify
 l - a scroll of revelation
 n - a scroll of noise
Potions
 b - 2 potions of cancellation
 d - a potion of invisibility
 h - 2 potions of brilliance
 i - 3 potions of mutation
 k - a potion of enlightenment


   Skills:
 - Level 3.2 Fighting
 * Level 11.5 Axes
 + Level 9.9 Armour
 - Level 1.5 Dodging


You had 9 spell levels left.
You didn't know any spells.
Your spell library was empty.

Dungeon Overview and Level Annotations

Branches:
Dungeon (9/15)             Temple (1/1) D:4
   Lair: D:8-11         Orc: D:9-12

Altars:
Ashenzari
Cheibriados
Dithmenos
Elyvilon
Fedhas
Gozag
Hepliaklqana
Kikubaaqudgha
Makhleb
Nemelex Xobeh
Okawaru
Ru
Sif Muna
Trog
Uskayaw
Vehumet
Wu Jian
Yredelemnul
Zin
The Shining One

Shops:
D:3 ?   D:6 *(*

Annotations:
D:8 Erica


Innate Abilities, Weirdness & Mutations

You are immune to sickness and miasma.
Your stone body is resilient. (AC +7)
You are immune to poison.
You resist negative energy. (rN+)
You are resistant to electric shocks. (rElec)
You are resistant to unholy torment.
You are immune to petrification.


Message History

You miss something.
Something hits you but does no damage. x2
The manticore bites you but does no damage.
The manticore closely misses you. The manticore barely misses you.
You barely miss the manticore. You barely miss something.
Something hits you but does no damage. The manticore bites you!
The manticore claws you but does no damage. x2
Reactivating autopickup.
You hit the manticore.
The manticore is lightly wounded.
The manticore bites you!
The manticore claws you but does no damage.
The manticore closely misses you.
You slice the manticore!!
The manticore is heavily wounded.
The manticore closely misses you.
The manticore claws you but does no damage. x2
The manticore bites you but does no damage.
The manticore claws you.
The manticore claws you but does no damage.
You hit the manticore but do no damage.
The manticore is heavily wounded.
The manticore bites you! The manticore closely misses you.
The manticore barely misses you.
You slash the manticore!
The manticore is severely wounded.
The manticore bites you but does no damage.
The manticore claws you but does no damage. x2
The manticore bites you!
* * * LOW HITPOINT WARNING * * *
The manticore claws you but does no damage.
The manticore barely misses you.
It was a potion of invisibility.
You fade into invisibility!
The manticore bites you.
* * * LOW HITPOINT WARNING * * *
The manticore claws you but does no damage. x2
You barely miss the manticore.
The manticore is severely wounded.
The manticore bites you!
You die...

#......#....#..#....
#......#....#..+....
#......#....#'##....
#......#............
#......#............
#......#............
#...................
########..########....
#$.?H@.#..#..'.%.#....
#)))#..#..#..#.8.#....
#). #..#..#..#...###'#
#####..#..#..#####...#
#......#..#......#...#
#......#..#......#...#
#..#####..#####..##..#
#......#..#......##..+
#......#..#...†..#>..#


You could see a manticore (unable to see you).

Vanquished Creatures
  Pikel (D:6)
  Maggie (D:7)
  Eustachio (D:6)
  A wraith (D:7)
  2 steam dragons (D:7)
  Duvessa (D:4)
  An orc warrior (D:8)
  3 water moccasins (D:7)
  2 sky beasts (D:7)
  2 black bears
  2 ice beasts
  2 centaurs (D:7)
  3 ogres
  2 bullfrogs
  3 kobold brigands (D:8)
  6 scorpions
  9 wights
  A killer bee (D:7)
  Dowan (D:4)
  A howler monkey (D:7)
  2 hounds
  A jelly (D:7)
  A gnoll bouda (D:5)
  5 orc priests
  2 iguanas
  3 orc wizards
  13 gnolls
  7 adders
  2 shadow imps (D:7)
  2 ufetubi (D:7)
  2 worms (D:4)
  2 dart slugs
  12 orcs
  5 ball pythons
  7 bats
  4 endoplasms
  8 giant cockroaches
  7 goblins
  9 hobgoblins
  5 jackals
  6 quokkas
  7 frilled lizards
  17 kobolds
  4 rats (D:3)
178 creatures vanquished.

Vanquished Creatures (others)
  An unseen horror (D:7)
1 creature vanquished.

Grand Total: 179 creatures vanquished

Notes
Turn   | Place    | Note
-------+----------+-------------------------------------------
     0 | D:1      | BinkBink the Gargoyle Berserker began the quest for the
                  | Orb.
     0 | D:1      | Reached XP level 1. HP: 14/14 MP: 1/1
    52 | D:1      | Reached skill level 3 in Axes
   151 | D:1      | Reached XP level 2. HP: 19/19 MP: 2/2
   452 | D:1      | Reached XP level 3. HP: 23/23 MP: 3/3
   872 | D:1      | Reached ** piety under Trog
  1131 | D:2      | Found a shimmering blue altar of Sif Muna.
  1378 | D:2      | Reached XP level 4. HP: 24/28 MP: 4/4
  1426 | D:2      | Reached skill level 4 in Axes
  1816 | D:3      | Found Pominiym's Magic Scroll Shoppe.
  1962 | D:3      | Found a basalt altar of Yredelemnul.
  2026 | D:3      | Found a white marble altar of Elyvilon.
  2487 | D:3      | Found a bloodstained altar of Trog.
  2578 | D:3      | Bought 2 scrolls of enchant armour for 210 gold pieces
  2629 | D:4      | Noticed an ogre
  2722 | D:4      | Noticed a scorpion
  2740 | D:3      | Killed a scorpion
  2741 | D:3      | Reached XP level 5. HP: 26/32 MP: 5/5
  2857 | D:4      | Noticed a black bear
  2873 | D:4      | Killed a black bear
  2874 | D:4      | Reached skill level 5 in Axes
  2874 | D:4      | Reached XP level 6. HP: 21/37 MP: 6/6
  3164 | D:4      | Found a staircase to the Ecumenical Temple.
  3256 | D:4      | Noticed Dowan
  3259 | D:4      | Noticed Duvessa
  3296 | D:4      | Killed Duvessa
  3296 | D:4      | HP: 1/37 [Dowan/stone arrow (11)]
  3297 | D:4      | Reached skill level 6 in Axes
  3297 | D:4      | Reached skill level 5 in Armour
  3297 | D:4      | Reached XP level 7. HP: 1/41 MP: 7/7
  3313 | D:4      | Killed Dowan
  3313 | D:4      | Reached *** piety under Trog
  3498 | Temple   | Entered the Ecumenical Temple
  4062 | D:5      | Entered Level 5 of the Dungeon
  4423 | D:5      | Reached skill level 7 in Axes
  4423 | D:5      | Reached XP level 8. HP: 16/46 MP: 8/8
  4669 | D:5      | Found a glowing silver altar of Zin.
  5168 | D:6      | Noticed Pikel
  5186 | D:6      | Killed Pikel
  5187 | D:6      | Reached skill level 8 in Axes
  5245 | D:6      | Found Ilui's General Store.
  5276 | D:6      | Found Rasuq's Weapon Emporium.
  5306 | D:6      | Reached XP level 9. HP: 51/51 MP: 9/9
  5366 | D:6      | Found a burning altar of Makhleb.
  5416 | D:6      | Found a sparkling altar of Nemelex Xobeh.
  5417 | D:6      | Noticed Eustachio
  5427 | D:6      | Killed Eustachio
  5428 | D:6      | Reached skill level 9 in Axes
  5593 | D:6      | Found a hazy altar of Hepliaklqana.
  5638 | D:6      | Found Jasaoh's Assorted Antiques.
  5641 | D:6      | Bought a scroll labelled SIADIP JOK SEU for 23 gold pieces
  6143 | D:7      | Found a sacrificial altar of Ru.
  6189 | D:7      | Noticed Maggie
  6209 | D:7      | Killed Maggie
  6209 | D:7      | Reached **** piety under Trog
  6341 | D:7      | Identified the +3 ring mail of the Pits of Slime {+Blink
                  | rC- Regen+}
  6369 | D:7      | Reached skill level 10 in Axes
  6445 | D:7      | You fall into a shaft and drop 2 floors!
  6657 | D:8      | Reached XP level 10. HP: 21/56 MP: 10/10
  6917 | D:8      | Noticed Erica
  6946 | D:7      | Found a broken altar of Ashenzari.
  7532 | D:7      | Reached skill level 11 in Axes
  8121 | D:7      | Noticed a manticore
  8124 | D:7      | Killed an unseen horror
  8130 | D:7      | Mangled by a manticore

Illustrated notes

Levels and vault maps discovered:
D:1:      saegor_arrival_miasma, layout_basic, serial_rivers,
          chequers_serial_rivers_micro_e, chequers_serial_rivers_micro_b,
          chequers_serial_rivers_micro_c, chequers_serial_rivers_micro_a,
          chequers_serial_rivers_micro_d, chequers_serial_rivers_micro_c,
          minmay_close_crescents
D:2:      layout_rooms, basic_altar
D:3:      layout_loops_cross, kennysheep_ying_yang, lightli_temple_of_fire,
          serial_shops, nicolae_shop_just_a_little_nook,
          dreamdust_princess_bridge, kennysheep_small_spiral
D:4:      black_bear_nest_1, layout_loops_ring, minmay_temple_entry_tees,
          uniq_duvessa
D:5:      layout_basic, zin_statuary, minivault_1
D:6:      layout_basic, kennysheep_mini_moat, lemuel_doored_altar,
          mainiacjoe_overflow_tiny_flanked, serial_shops, nicolae_shop_trees,
          nicolae_shop_statue_plus, shop, uniq_pikel, uniq_eustachio
D:7:      kennysheep_windowed_halls, layout_gridville,
          mainiacjoe_overflow_catwalk, mainiacjoe_overflow_brackets, uniq_maggie
D:8:      layout_loops_cross, mainiacjoe_overflow_six_doors_small,
          xom_shifter_show, minmay_misc_feat_x, nicolae_shop_clearance,
          uniq_erica, uniq_prince_ribbit1
D:9:      layout_long_grid, nicolae_qazlal_scattered_showers
Temple:   hellmonk_temple_rainy

Skill      XL: |  1  2  3  4  5  6  7  8  9 10 |
---------------+-------------------------------+-----
Axes           | 3 4 5 6 7 8 10 11 | 11.5
Armour         | 3 4 5 6 7 9 |  9.9
Fighting       | |  3.2
Dodging        | |  1.5

Action                     |  1- 3 |  4- 6 |  7- 9 | 10-12 || total
---------------------------+-------+-------+-------+-------++-------
  Melee: Hand axe          |   168 |   115 |       |       ||   283
         Punch             |     1 |     2 |     5 |       ||     8
         War axe           |       |    19 |   241 |   101 ||   361
    Use: Scroll            |       |    11 |     4 |     2 ||    17
         Potion            |       |       |     8 |     1 ||     9
   Stab: Distracted        |       |       |       |     1 ||     1
 Armour: Animal skin       |    93 |    24 |       |       ||   117
         Plate armour      |       |   116 |   319 |   173 ||   608
  Dodge: Dodged            |   123 |    51 |   110 |    61 ||   345

Table legend: (Time is in decaauts)
 A = Elapsed time spent in this place.
 B = Non-inter-level travel time spent in this place.
 C = Inter-level travel time spent in this place.
 D = Time resting spent in this place.
 E = Time spent auto-exploring this place.
 F = Levels seen in this place.
 G = Mean time per level.
                   A        B        C        D        E       F      G
               +--------+--------+--------+--------+--------+-----+--------+
         Total |   8334 |   8018 |    316 |   1186 |   5016 |  10 |  833.4 |
       Dungeon |   8266 |   7950 |    316 |   1186 |   4961 |   9 |  918.4 |
        Temple |     67 |     67 |      0 |      0 |     55 |   1 |   67.0 |
               +--------+--------+--------+--------+--------+-----+--------+

Top non-repeatable levels by time:
     D:7: 1604 daAuts
     D:4: 1286 daAuts
     D:5: 1134 daAuts
     D:1: 1102 daAuts
     D:3: 1071 daAuts
     D:6: 946 daAuts
     D:2: 584 daAuts
     D:8: 465 daAuts
     D:9: 71 daAuts
  Temple: 67 daAuts
